 Dungeon Sprint DCSS version 0.21-a0-221-gfe971b9 (webtiles) character file.

11 Kidiri the Magician (level 2, 0/15 HPs)
             Began as a Deep Elf Fire Elementalist on Aug 25, 2017.
             Slain by a human (8 damage)
             ... in the Dungeon (Sprint III: "The Ten Rune Challenge").
             The game lasted 00:01:43 (197 turns).

Kidiri the Magician (Deep Elf Fire Elementalist)     Turns: 197, Time: 00:01:44

Health: 0/15       AC:  2    Str:  5    XL:     2   Next: 13%
Magic:  5/10       EV: 13    Int: 19    God:
Gold:   7          SH:  0    Dex: 15    Spells: 8/11 levels left

rFire    . . .     SeeInvis .   (no weapon)
rCold    . . .     Gourm    .   (no shield)
rNeg     . . .     Faith    .   a - +0 robe
rPois    .         Spirit   .   (no helmet)
rElec    .         Reflect  .   (no cloak)
rCorr    .         Harm     .   (no gloves)
MR       .....     NoTele   +   (no boots)
Stlth    ++........             (no amulet)
HPRegen  0.05/turn              (no ring)
MPRegen  0.12/turn              (no ring)

@: very slightly contaminated
A: no striking features
a: no special abilities


You were in the Dungeon.
You were not hungry.

You visited 1 branch You collected 7 gold pieces.

Inventory:

Armour
 a - a +0 robe (worn)
Scrolls
 i - a scroll of blinking
Potions
 d - a potion of curing
 f - a potion of haste
 g - a potion of magic
 h - a potion of berserk rage
 j - a potion of flight {unknown}
Books
 b - a book of Flames

   Spells                             Type                      Level
   a - Flame Tongue                   Conjuration/Fire             1
   b - Throw Flame                    Conjuration/Fire             2
   c - Conjure Flame                  Conjuration/Fire             3
   d - Inner Flame                    Hexes/Fire                   3
   e - Sticky Flame                   Conjuration/Fire             4
   f - Fireball                       Conjuration/Fire             5
Comestibles
 c - a bread ration
 k - a chunk of flesh


   Skills:
 - Level 2.4 Dodging
 - Level 2.4 Stealth
 * Level 5.0 Spellcasting
 + Level 2.5 Conjurations
 + Level 4.0 Fire Magic


You had 8 spell levels left.
You knew the following spells:

 Your Spells              Type           Power        Failure   Level  Hunger
a - Flame Tongue          Conj/Fire      ###..        3%          1    None
b - Throw Flame           Conj/Fire      ###...       4%          2    #......


Dungeon Overview and Level Annotations

Branches:
Dungeon (1/1)

Altars:


Message History

Aiming: Flame Tongue
Press: ? - help, Shift-Dir - straight line, f/p - human
Aim: a human (almost dead)
The flame tongue hits the human.
The human is almost dead.
The human barely misses you.
Casting: Flame Tongue
Confirm with . or Enter, or press ? or * to list all spells.
Aiming: Flame Tongue
Press: ? - help, Shift-Dir - straight line, f/p - human
Aim: a human (almost dead)
The flame tongue misses the human.
The human hits you.
Casting: Flame Tongue
Confirm with . or Enter, or press ? or * to list all spells.
Aiming: Flame Tongue
Press: ? - help, Shift-Dir - straight line, f/p - human
Aim: a human (almost dead)
The flame tongue misses the human.
The human hits you!
Ouch! That really hurt!
You die...

▓..##.......#
▓##.##.##...# .#
##.##.###..# ..#
▓#.####.##..# ...+
▓.###..##..##
#...# ▓#.....##..#
#....#
###..##÷..##.....#
##..##....#p...h.#
#..###..##@# #..#
#..#### ▓▓▓▓ ▓▓▓▓


You could see a human and a wolf (wandering).

Vanquished Creatures
  2 oozes (D)
  2 rats (D)
4 creatures vanquished.

Vanquished Creatures (others)
  A draconian scorcher (D)
  5 hellions (D)
  A yaktaur (D)
  5 plants (D)
12 creatures vanquished.

Grand Total: 16 creatures vanquished

Notes
Turn   | Place    | Note
-------+----------+-------------------------------------------
     0 | D        | Kidiri the Deep Elf Fire Elementalist began the quest for the Orb.
     0 | D        | Reached XP level 1. HP: 10/10 MP: 6/6
     9 | D        | Reached skill level 4 in Spellcasting
    35 | D        | Killed a yaktaur
    50 | D        | Reached XP level 2. HP: 15/15 MP: 5/9
    54 | D        | Learned a level 2 spell: Throw Flame
    90 | D        | Killed a hellion
    92 | D        | Killed a hellion
    92 | D        | Killed a hellion
   100 | D        | Reached skill level 5 in Spellcasting
   154 | D        | Killed a white draconian scorcher
   177 | D        | Killed a hellion
   189 | D        | Killed a hellion
   197 | D        | Slain by a human

Vault maps used:
D:        dungeon_sprint_mu

Skill      XL: |  1  2 |
---------------+-------+-----
Spellcasting   | 4 5 |  5.0
Conjurations   | 2 |  2.5
Fire Magic     | 4 |  4.0
Dodging        | |  2.4
Stealth        | |  2.4

Action                   || total
-------------------------++-------
 Cast: Flame Tongue      ||    21
       Throw Flame       ||     1
  Use: Potion            ||     2
Dodge: Dodged            ||     8

Table legend:
 A = Spawn XP
 B = Non-spawn XP
 C = Spawn XP percentage of total XP
 D = Spawn monster count
 E = Non-spawn monster count
 F = Spawn count percentage of total count
 G = Total turns spent on level
                    A         B        C        D         E        F      G
               +---------+---------+-------+---------+---------+-------+---------
         Total |       0 |      16 |   0.0 |       0 |       4 |   0.0 |   197
               +---------+---------+-------+---------+---------+-------+---------
             D |       0 |      16 |   0.0 |       0 |       4 |   0.0 |   197
               +---------+---------+-------+---------+---------+-------+---------
